 Dungeon Crawl Stone Soup version 0.28-a0-1404-g4df0f3684d (webtiles) character file.

Game seed: 1678447656315483748

84 fragbeetle the Insei (level 4, -10/36 HPs)
             Began as a Draconian Transmuter on Jan 5, 2022.
             Killed from afar by Ijyb (15 damage)
             ... with an iceblast
             ... on level 3 of the Dungeon.
             The game lasted 00:04:20 (2133 turns).

fragbeetle the Insei (Draconian Transmuter)         Turns: 2133, Time: 00:04:21

Health: -10/36     AC:  6    Str: 13    XL:     4   Next: 24%
Magic:  7/7        EV: 12    Int: 13    God:
Gold:   68         SH:  0    Dex: 13    Spells: 3/7 levels left

rFire   . . .      SeeInvis .     - Unarmed
rCold   . . .      Faith    .   (no shield)
rNeg    . . .      Spirit   .   (armour unavailable)
rPois   .          Reflect  .   (helmet restricted)
rElec   .          Harm     .   (no cloak)
rCorr   .          Rampage  .   f - +0 pair of gloves
Will    .....                   (no boots)
Stlth   +.........              (no amulet)
HPRegen 0.12/turn               (no ring)
MPRegen 0.10/turn               (no ring)

@: no status effects
A: AC +5, unfitting armour, cold-blooded
a: no special abilities


You were on level 3 of the Dungeon.
You visited 1 branch of the dungeon, and saw 3 of its levels.

You collected 68 gold pieces.

Inventory:

Missiles
 i - 99 stones
 j - 2 poisoned darts
Armour
 f - a +0 pair of gloves (worn)
Scrolls
 a - 2 scrolls of teleportation {unknown}
 d - a scroll of enchant armour {unknown}
 e - a scroll of amnesia {unknown}
 l - a scroll of fear {unknown}
 m - a scroll of identify {unknown}
Potions
 b - a potion of curing {unknown}
 c - 3 potions of haste {unknown}
 g - 2 potions of lignification {unknown}
 h - a potion of degeneration {unknown}
 k - a potion of magic {unknown}


   Skills:
 + Level 2.0 Fighting
 + Level 2.3 Dodging
 * Level 3.7 Unarmed Combat
 - Level 2.0 Spellcasting
 * Level 3.0 Transmutations
 + Level 0.6 Poison Magic


You had 3 spell levels left.
You knew the following spells:

 Your Spells              Type           Power      Damage    Failure   Level
a - Beastly Appendage     Tmut           18%        N/A       8%          1
b - Spider Form           Tmut/Pois      6%         N/A       34%         3

Your spell library contained the following spells:

 Spells                   Type           Power      Damage    Failure   Level
 Wereblood                Tmut           9%         N/A       11%         2
 Passwall                 Tmut/Erth      4%         N/A       21%         2
 Swiftness                Air            1%         N/A       58%         3
 Ice Form                 Ice/Tmut       5%         N/A       80%         4


Dungeon Overview and Level Annotations

Branches:
Dungeon (3/15)

Altars:

Annotations:
D:3 Ijyb


Innate Abilities, Weirdness & Mutations

Your plain brown scales are hard. (AC +5)
You cannot fit into any form of body armour.
You are cold-blooded and may be slowed by cold attacks.


Message History

Done exploring.
(D) Dungeon
Where to? (Enter - D:2, ? - help)
What level of the Dungeon? (default 1, ? - help)
There is a stone staircase leading down here.
You climb downwards.
There is a stone staircase leading up here.
Ijyb the Twisted Goblin comes into view.
She is wielding a +3 spectral club and carrying a wand of iceblast (11).
Ijyb shouts!
You hear a shout! x2
You grow a pair of large bovine horns.
Your feet morph into talons.
Ijyb drinks a potion.
Ijyb flickers and vanishes!
Deactivating autopickup; reactivate with Ctrl-A.
You closely miss something. Your kick misses something.
Your headbutt misses something. Something hits you but does no damage.
You closely miss something. Your kick misses something.
Your headbutt misses something.
Your tail-slap misses something.
Something hits you.
You hit something. You punch something. Something hits you.
You barely miss something. Your kick misses something.
Your headbutt misses something. Something hits you.
You hit something.
Something unseen opens the door.
Something hits you.
A goblin comes into view.
It is wielding a +1 dagger of distortion.
The goblin hits you but does no damage.
You punch the goblin!
You kill the goblin!
You hear a zap.
An iceblast appears from out of thin air!
The mass of ice explodes!
The iceblast engulfs you!
The iceblast engulfs something!
Your transformation is almost over.
You hear a zap.
An iceblast appears from out of thin air!
The mass of ice explodes!
The iceblast engulfs you!
* * * LOW HITPOINT WARNING * * *
You hear a shout!
Your horns disappear.
Your talons disappear.
You hear a zap.
An iceblast appears from out of thin air!
The mass of ice explodes!
The iceblast engulfs you!
You die...

#.# #.###### ## .# #.......
.# #. .# #####...#######.#
#.#.## .......>'.....#.#
.....
#####...#####†..#####...####
###....................
########÷#######..######
.........@....{........
.####....######..#####
#.........#..#
#.....###.#..#
#...#.#.#.#..#
#...#.#...#..#
....^#.#.#.#..#
......#....<#..#
......#..####..#


There were no monsters in sight!

Vanquished Creatures
  3 adders (D:2)
  A gnoll (D:1)
  A worm (D:2)
  A dart slug (D:1)
  An orc (D:2)
  An endoplasm (D:1)
  2 giant cockroaches (D:1)
  5 goblins
  3 hobgoblins
  5 jackals (D:2)
  6 quokkas
  2 ball pythons
  2 bats
  A frilled lizard (D:1)
  4 rats
38 creatures vanquished.

Vanquished Creatures (others)
  23 plants (D:2)
  19 toadstools (D:3)
42 creatures vanquished.

Grand Total: 80 creatures vanquished

Notes
Turn   | Place    | Note
-------+----------+-------------------------------------------
     0 | D:1      | fragbeetle the Draconian Transmuter began the quest for the
                  | Orb.
     0 | D:1      | Reached XP level 1. HP: 16/16 MP: 3/3
   390 | D:1      | Reached XP level 2. HP: 17/23 MP: 3/5
   791 | D:1      | Found a faded altar of an unknown god.
  1141 | D:2      | Reached XP level 3. HP: 28/28 MP: 4/6
  1167 | D:2      | Learned a level 3 spell: Spider Form
  1535 | D:2      | You fall into a shaft and drop 1 floor!
  1707 | D:3      | Reached XP level 4. HP: 36/36 MP: 5/7
  2106 | D:3      | Noticed Ijyb
  2133 | D:3      | Killed from afar by Ijyb

Illustrated notes

Levels and vault maps discovered:
D:1:      kennysheep_arrival_seaside, layout_loops_ring,
          chequers_ecumenical_altar_simple
D:2:      layout_rooms, serial_bayou, serial_bayou_lagoon_a,
          serial_bayou_lake_a, serial_bayou_pond_c, serial_bayou_crossing
D:3:      layout_basic, tgw_fedhas, uniq_ijyb

Skill      XL: |  1  2  3  4 |
---------------+-------------+-----
Dodging        | 2 |  2.3
Transmutations | 3 |  3.0
Fighting       | 2 |  2.0
Unarmed Combat | |  3.7
Spellcasting   | |  2.0
Poison Magic   | |  0.6

Action                   |  1- 3 |  4- 6 || total
-------------------------+-------+-------++-------
Melee: Unarmed           |   106 |    16 ||   122
       Kick              |    29 |     2 ||    31
       Headbutt          |    13 |     1 ||    14
       Tailslap          |     5 |       ||     5
       Punch             |     1 |     1 ||     2
 Cast: Beastly Appendage |    27 |     4 ||    31
Armor: Skin              |    38 |     4 ||    42
Dodge: Dodged            |    71 |     6 ||    77

Table legend: (Time is in decaauts)
 A = Elapsed time spent in this place.
 B = Non-inter-level travel time spent in this place.
 C = Inter-level travel time spent in this place.
 D = Time resting spent in this place.
 E = Time spent auto-exploring this place.
 F = Levels seen in this place.
 G = Mean time per level.
                   A        B        C        D        E       F      G
               +--------+--------+--------+--------+--------+-----+--------+
         Total |   2183 |   2116 |     67 |      0 |   1671 |   3 |  727.7 |
       Dungeon |   2183 |   2116 |     67 |      0 |   1671 |   3 |  727.7 |
               +--------+--------+--------+--------+--------+-----+--------+

Top non-repeatable levels by time:
     D:1: 1136 daAuts
     D:2: 818 daAuts
     D:3: 229 daAuts
